 Dungeon Crawl Stone Soup version 0.29.0-7-g18a832c13a (webtiles) character file.

Game seed: 18210728033246262075

14 blackman the Caller (level 2, 0/24 HPs)
             Began as a Human Wanderer on Aug 31, 2022.
             Succumbed to an adder's poison
             ... on level 2 of the Dungeon.
             The game lasted 00:01:48 (1382 turns).

blackman the Caller (Human Wanderer)                Turns: 1382, Time: 00:01:49

Health: 0/24       AC:  2    Str:  8    XL:     2   Next: 55%
Magic:  3/3        EV: 10    Int: 15    God:
Gold:   77         SH:  4    Dex: 13    Spells: 2/3 levels left

rFire   + . .      SeeInvis .   a - +0 short sword
rCold   . . .      Faith    .   b - +0 buckler
rNeg    . . .      Spirit   .   d - +0 robe
rPois   .          Reflect  .   (no helmet)
rElec   .          Harm     .   (no cloak)
rCorr   .          Rampage  .   (no gloves)
Will    .....                   (no boots)
Stlth   +.........              (no amulet)
HPRegen 0.08/turn               (no ring)
MPRegen 0.08/turn               (no ring)

@: lethally poisoned (0 -> -4), flying
A: fangs 1, fire resistance 1
a: no special abilities


You were on level 2 of the Dungeon.
You visited 1 branch of the dungeon, and saw 2 of its levels.

You collected 77 gold pieces.

Inventory:

Hand Weapons
 a - a +0 short sword (weapon)
Armour
 b - a +0 buckler (worn)
 d - a +0 robe (worn)
Scrolls
 f - 2 scrolls of identify
 h - a scroll of poison
Potions
 e - a potion of flight


   Skills:
 * Level 3.0 Fighting
 - Level 2.0 Short Blades
 - Level 1.0 Throwing
 - Level 1.0 Shields
 - Level 1.0 Spellcasting
 - Level 3.0 Summonings


You had 2 spell levels left.
You knew the following spells:

 Your Spells              Type           Power      Damage    Failure   Level
a - Summon Small Mammal   Summ           36%        N/A       10%         1

Your spell library contained the following spells:

 Spells                   Type           Power      Damage    Failure   Level
 Call Imp                 Summ           9%         N/A       14%         2
 Animate Armour           Summ/Erth      10%        N/A       87%         4


Dungeon Overview and Level Annotations

Branches:
Dungeon (2/15)

Altars:


Innate Abilities, Weirdness & Mutations

You have very sharp teeth.
Your flesh is heat resistant. (rF+)


Message History

The adder bites you. You block the kobold's attack.
You hit the adder.
The adder is moderately wounded.
The adder barely misses you. The kobold closely misses you.
The adder misses you.
It was a potion of mutation.
You feel extremely strange.
You feel resistant to heat.
Your teeth lengthen and sharpen.
You block the adder's attack. The kobold barely misses you.
You closely miss the adder.
The adder is moderately wounded.
The adder bites you.
* * * LOW HITPOINT WARNING * * *
You are poisoned.
The adder poisons you! The kobold misses you.
You miss the adder.
The adder is moderately wounded.
* * * LOW HITPOINT WARNING * * *
You feel sick. The adder bites you.
* * * LOW HITPOINT WARNING * * *
The kobold closely misses you. The adder closely misses you.
You feel better. The kobold closely misses you.
The adder bites you but does no damage.
You miss the adder. You bite the adder, but do no damage.
The adder is moderately wounded.
The adder barely misses you. The kobold hits you with a +0 whip.
* * * LOW HITPOINT WARNING * * *
You miss the adder. Your bite misses the adder.
The adder is moderately wounded.
The adder barely misses you. The kobold hits you with a +0 whip.
* * * LOW HITPOINT WARNING * * *
The adder misses you.
You hit the adder but do no damage. Your bite misses the adder.
The adder is moderately wounded.
The kobold closely misses you. The adder bites you.
* * * LOW HITPOINT WARNING * * *
You are lethally poisoned!
The adder poisons you!
You hit the adder.
The adder is heavily wounded.
You die...

.........#
...###..## #
. ##.###
###.# #...##
......
#....##......
####.........
##.#..K.. #K#
.r.. #@# ...
#S#


lK# .r## ... #### You could see an adder, 2 kobolds, a frilled lizard and a rat.

Vanquished Creatures
  A dart slug (D:1)
  2 giant cockroaches (D:1)
  4 kobolds
  2 ball pythons (D:1)
  2 rats (D:1)
11 creatures vanquished.

Vanquished Creatures (collateral kills)
  A ball python (D:1)
  A rat (D:1)
2 creatures vanquished.

Grand Total: 13 creatures vanquished

Notes
Turn   | Place    | Note
-------+----------+-------------------------------------------
     0 | D:1      | blackman the Human Wanderer began the quest for the Orb.
     0 | D:1      | blackman set off with the following items: a +0 short
                  | sword, a +0 buckler, a scroll of summoning, a +0 robe; and
                  | the following spell memorised: Summon Small Mammal; and the
                  | following spells available to memorise: Call Imp, Animate
                  | Armour.
     0 | D:1      | Reached XP level 1. HP: 16/16 MP: 2/2
   777 | D:1      | Reached XP level 2. HP: 14/23 MP: 3/3
  1375 | D:2      | Gained mutation: Your flesh is heat resistant. (rF+)
                  | [potion of mutation]
  1375 | D:2      | Gained mutation: You have very sharp teeth. [potion of
                  | mutation]
  1382 | D:2      | Succumbed to an adder's poison

Illustrated notes

Levels and vault maps discovered:
D:1:      eino_arrival_cavern_b, layout_rooms, serial_aquarium,
          aquarium_bridge_square [aquarium_subvault_wall,
          aquarium_subvault_wall, aquarium_subvault_balcony,
          aquarium_subvault_bridge], aquarium_window_corridor_2,
          aquarium_window_1, aquarium_window_fake, aquarium_view_2a,
          aquarium_view_2d, aquarium_pool_1
D:2:      layout_rooms, minmay_joined_circles

Skill      XL: |  1  2 |
---------------+-------+-----
Fighting       | 3 |  3.0
Short Blades   | |  2.0
Throwing       | |  1.0
Shields        | |  1.0
Spellcasting   | |  1.0
Summonings     | |  3.0

Action                   || total
-------------------------++-------
Melee: Short sword       ||    74
       Bite              ||     1
  Use: Scroll            ||     3
       Potion            ||     4
Armor: Robe              ||    19
Dodge: Dodged            ||    48
Block: Buckler           ||    20
